 Dungeon Crawl Stone Soup version 0.31-a0-851-g7ff8af7976 (webtiles) character file.

Game seed: 6926122875132878508

82 Pixllover the Chopper (level 4, 0/40 HPs)
             Began as a Hill Orc Monk on Oct 5, 2023.
             Slain by Crazy Yiuf
             ... wielding a +4 quarterstaff of chaos
              (10 damage)
             ... on level 2 of the Dungeon.
             The game lasted 00:03:56 (1618 turns).

Pixllover the Chopper (Hill Orc Monk)               Turns: 1618, Time: 00:03:57

Health: 0/40       AC:  5    Str: 15    XL:     4   Next: 43%
Magic:  4/4        EV: 11    Int: 10    God:
Gold:   5          SH:  0    Dex: 13    Spells: 3/3 levels left

rFire   . . .        a - +0 hand axe
rCold   . . .        d - orb {light}
rNeg    . . .        c - +0 ring mail
rPois   .            (no helmet)
rElec   .            (no cloak)
rCorr   .            (no gloves)
SInv    .            (no boots)
Will    .....        (no amulet)
Stlth   +            (no ring)
HPRegen 0.26/turn    (no ring)
MPRegen 0.09/turn

%: no passive effects
@: glowing
A: no striking features
a: no special abilities


You were on level 2 of the Dungeon.
You visited 1 branch of the dungeon, and saw 2 of its levels.

You collected 27 gold pieces.
You spent 22 gold pieces at shops.

Inventory:

Hand Weapons
 a - a +0 hand axe (weapon)
Armour
 c - a +0 ring mail (worn)
 d - an orb of light (worn)
Jewellery
 j - a +6 ring of intelligence
Wands
 h - a wand of flame (30)
Scrolls
 b - a scroll of teleportation
 e - a scroll of blinking {unknown}
 g - 2 scrolls of identify
 i - a scroll of enchant armour {unknown}
 k - a scroll of vulnerability {unknown}
Potions
 f - a potion of berserk rage


   Skills:
 + Level 4.1 Fighting
 + Level 5.4 Axes
 + Level 1.3 Armour
 + Level 3.0 Dodging


You had 3 spell levels left.
You didn't know any spells.
Your spell library was empty.

Dungeon Overview and Level Annotations

Branches:
Dungeon (2/15)

Altars:
Gozag

Shops:
D:2 (**

Annotations:
D:2 Crazy Yiuf


Message History

The dart slug launches a dart at you. The slug dart hits you.
You completely miss the dart slug. You hit the dart slug.
The dart slug is moderately wounded.
The dart slug launches a dart at you. The slug dart misses you.
You hit the dart slug.
The dart slug is heavily wounded.
The dart slug closely misses you.
You hit the dart slug.
You kill the dart slug!
Found a stone staircase leading up.
There is an entrance to Feexirav's Weapon Shoppe here.
There is an opulent altar of Gozag here.
g - 2 scrolls of identify (gained 1)
Found a hammer.
Found a runed translucent door.
Could not explore, unopened runed door.
As you open the door, it creaks loudly!
You hit Crazy Yiuf.
Crazy Yiuf is lightly wounded.
Crazy Yiuf hits you with a +4 quarterstaff of chaos!
Crazy Yiuf freezes you.
You hit Crazy Yiuf.
Crazy Yiuf is moderately wounded.
Crazy Yiuf hits you with a +4 quarterstaff of chaos.
You hit Crazy Yiuf.
Crazy Yiuf is moderately wounded.
Crazy Yiuf hits you with a +4 quarterstaff of chaos!
You hit Crazy Yiuf.
Crazy Yiuf is heavily wounded.
Crazy Yiuf hits you with a +4 quarterstaff of chaos.
* * * LOW HITPOINT WARNING * * *
Crazy Yiuf freezes you.
* * * LOW HITPOINT WARNING * * *
Crazy Yiuf attacks as he pursues you! Crazy Yiuf misses you.
Crazy Yiuf says, "You arga pontify!"
Crazy Yiuf attacks as he pursues you!
Crazy Yiuf hits you with a +4 quarterstaff of chaos!
You die...

# # # # # #
######## #
##....#.### ### #
##......#@g##...#
#
#......####.'...#
##### #.....##
###..)# ###....
#..#### ###
##...### ##.#
#..### # #.# #.##
# #.# ###
############# #.#
#.# #>...........
#.# #.#
#.###########


You could see Crazy Yiuf.

Vanquished Creatures
  2 adders (D:2)
  2 dart slugs (D:2)
  2 worms (D:2)
  6 ball pythons
  7 bats
  3 endoplasms
  2 giant cockroaches
  4 goblins (D:1)
  9 hobgoblins
  2 jackals (D:2)
  5 kobolds
  3 frilled lizards
  3 rats (D:1)
50 creatures vanquished.

Notes
Turn   | Place    | Note
-------+----------+-------------------------------------------
     0 | D:1      | Pixllover the Hill Orc Monk began the quest for the Orb.
     0 | D:1      | Reached XP level 1. HP: 19/19 MP: 1/1
   183 | D:1      | Reached XP level 2. HP: 27/27 MP: 2/2
   326 | D:1      | HP: 1/27 [hobgoblin (3)]
   332 | D:1      | Reached XP level 3. HP: 20/33 MP: 3/3
   884 | D:2      | Reached skill level 5 in Axes
   959 | D:2      | Found an opulent altar of Gozag.
   987 | D:2      | Reached skill level 1 in Armour
   987 | D:2      | Reached XP level 4. HP: 29/40 MP: 4/4
  1249 | D:2      | Found Wocveofi's Assorted Antiques.
  1337 | D:2      | Found Hietiukh's General Store.
  1346 | D:2      | Bought a scroll of identify for 22 gold pieces
  1496 | D:2      | Found Feexirav's Weapon Shoppe.
  1608 | D:2      | Found a runed translucent door.
  1609 | D:2      | Noticed Crazy Yiuf
  1618 | D:2      | Slain by Crazy Yiuf

Illustrated notes

Levels and vault maps discovered:
D:1:      saegor_arrival_under_anarchy, layout_basic, serial_glass,
          glass_columns_a, glass_columns_a, glass_columns_c, glass_columns_a,
          glass_columns_c, glass_columns_b, glass_columns_b, glass_columns_a,
          glass_columns_c, glass_columns_b, serial_bayou_pond_b
D:2:      layout_basic, basic_altar, serial_shops,
          nicolae_shop_just_a_little_nook, shop, shop, uniq_crazy_yiuf_cottage

Skill      XL: |  1  2  3  4 |
---------------+-------------+-----
Axes           | 5 |  5.4
Armour         | 1 |  1.3
Dodging        | 3 |  3.0
Fighting       | 4 |  4.1

Action                     |  1- 3 |  4- 6 || total
---------------------------+-------+-------++-------
  Melee: Hand axe          |   115 |    40 ||   155
    Use: Potion            |     1 |       ||     1
         Scroll            |     1 |     1 ||     2
 Armour: Leather armour    |    61 |       ||    61
         Ring mail         |    37 |    22 ||    59
  Dodge: Dodged            |   105 |    15 ||   120

Table legend: (Time is in decaauts)
 A = Elapsed time spent in this place.
 B = Non-inter-level travel time spent in this place.
 C = Inter-level travel time spent in this place.
 D = Time resting spent in this place.
 E = Time spent auto-exploring this place.
 F = Levels seen in this place.
 G = Mean time per level.
                   A        B        C        D        E       F      G
               +--------+--------+--------+--------+--------+-----+--------+
         Total |   1631 |   1615 |     16 |    105 |    947 |   2 |  815.5 |
       Dungeon |   1631 |   1615 |     16 |    105 |    947 |   2 |  815.5 |
               +--------+--------+--------+--------+--------+-----+--------+

Top non-repeatable levels by time:
     D:2: 891 daAuts
     D:1: 740 daAuts
